 Dungeon Crawl Stone Soup version 0.29-a0-233-g1125b37a9b (webtiles) character file.

Game seed: 2508935385896335161

109 funkygono the Firebug (level 4, 0/24 HPs)
             Began as a Deep Elf Fire Elementalist on Mar 1, 2022.
             Succumbed to an orc wizard's poison
             ... on level 3 of the Dungeon.
             The game lasted 00:03:39 (2404 turns).

funkygono the Firebug (Deep Elf Fire Elementalist)  Turns: 2404, Time: 00:03:39

Health: 0/24       AC:  2    Str:  5    XL:     4   Next: 60%
Magic:  3/12       EV: 12    Int: 22    God:
Gold:   102        SH:  0    Dex: 15    Spells: 2/12 levels left

rFire   . . .      SeeInvis .   f - +0 dagger
rCold   . . .      Faith    .   (no shield)
rNeg    . . .      Spirit   .   a - +0 robe
rPois   .          Reflect  .   (no helmet)
rElec   .          Harm     .   (no cloak)
rCorr   +          Rampage  .   (no gloves)
Will    .....                   (no boots)
Stlth   +.........              (no amulet)
HPRegen 0.08/turn               c - ring of resist corrosion
MPRegen 0.13/turn               (no ring)

@: confused, lethally poisoned (0 -> -9)
A: no striking features
a: no special abilities


You were on level 3 of the Dungeon.
You visited 1 branch of the dungeon, and saw 3 of its levels.

You collected 102 gold pieces.

Inventory:

Hand Weapons
 f - a +0 dagger (weapon)
Missiles
 b - 123 stones
Armour
 a - a +0 robe (worn)
 l - an orb of guile
 p - an orb of energy
Magical Staves
 d - a staff of death
Jewellery
 c - a ring of resist corrosion (left hand)
Scrolls
 e - 3 scrolls of identify {unknown}
 h - a scroll of brand weapon {unknown}
 i - a scroll of fear {unknown}
 j - a scroll of immolation {unknown}
 n - a scroll of noise {unknown}
 o - a scroll of amnesia {unknown}
Potions
 g - a potion of haste {unknown}
 k - a potion of mutation {unknown}
 m - 2 potions of curing {unknown}


   Skills:
 + Level 2.5 Dodging
 - Level 2.4 Stealth
 * Level 4.5 Spellcasting
 * Level 2.3 Conjurations
 * Level 4.6 Fire Magic


You had 2 spell levels left.
You knew the following spells:

 Your Spells              Type           Power      Damage    Failure   Level
a - Foxfire               Conj/Fire      80%        2x1d8     2%          1
b - Scorch                Fire           50%        2d8       2%          2
c - Conjure Flame         Conj/Fire      20%        6-21      8%          3
d - Flame Wave            Conj/Fire      20%        2d7       26%         4

Your spell library contained the following spells:

 Spells                   Type           Power      Damage    Failure   Level
 Inner Flame              Hex/Fire       15%        N/A       12%         3


Dungeon Overview and Level Annotations

Branches:
Dungeon (3/15)

Altars:


Message History

You are confused.
The orc hits you with a +0 flail.
You're too confused to cast spells.
The orc is no longer more vulnerable to fire.
The foxfire hits the orc but does no damage.
The orc is severely wounded.
The foxfire hits the orc.
You kill the orc!
Unknown command.
You're too confused to cast spells.
Sorry, you're not good enough to have a special ability.
You're too confused to cast spells.
Sorry, you're not good enough to have a special ability.
Unknown command.
You're too confused to cast spells.
Sorry, you're not good enough to have a special ability.
Unknown command.
The orc wizard hits you with a +1 dagger of venom.
* * * LOW HITPOINT WARNING * * *
The orc barely misses you.
Items here: )) [ †.
The orc wizard points at you and mumbles some strange words.
You are more confused.
You're too confused to cast spells.
Sorry, you're not good enough to have a special ability.
You're too confused to cast spells.
Sorry, you're not good enough to have a special ability.
The orc wizard is no longer more vulnerable to fire.
The orc wizard hits you with a +1 dagger of venom.
* * * LOW HITPOINT WARNING * * *
You are lethally poisoned!
You're too confused to cast spells.
Sorry, you're not good enough to have a special ability.
Unknown command.
You're too confused to cast spells.
Sorry, you're not good enough to have a special ability.
You're too confused to cast spells.
Sorry, you're not good enough to have a special ability.
You bump into the stone wall.
You die...

.#..#######.#.#..........#.#.##..
...†#######.#.#..................
.#.#.....##.#.#......##÷##.#.##..
.#...†......#.#......##.##.#.##..
......†..####....................
##...########.<#.##.###..........
................#..........#.###.
###..########..#.#...##...#..###.
#..# #..#@o#..##..#.......
###†### #. #.o)#....#....###.
......# #. #..).#..#.....# #.
......# # #.##..##..##..# #.
......# ...##..# ..# #. ......#
........#..#... #. ......#
....#...#....#... #. ......#
....#..# .##..#... #. ......#
......#. .# ...# . #.


You could see an orc wizard and an orc.

Vanquished Creatures
  Terence (D:3)
  3 adders
  A worm (D:2)
  3 orcs (D:3)
  2 bats
  3 endoplasms
  A giant cockroach (D:1)
  4 goblins
  7 hobgoblins
  3 jackals (D:3)
  2 kobolds (D:3)
  5 quokkas
  7 ball pythons
  A rat (D:1)
43 creatures vanquished.

Vanquished Creatures (others)
  134 foxfires
134 creatures vanquished.

Grand Total: 177 creatures vanquished

Notes
Turn   | Place    | Note
-------+----------+-------------------------------------------
     0 | D:1      | funkygono the Deep Elf Fire Elementalist began the quest
                  | for the Orb.
     0 | D:1      | Reached XP level 1. HP: 10/10 MP: 6/6
   462 | D:1      | Reached XP level 2. HP: 15/15 MP: 5/8
   465 | D:1      | Learned a level 2 spell: Scorch
   679 | D:1      | Found a faded altar of an unknown god.
  1102 | D:2      | Reached XP level 3. HP: 19/19 MP: 7/10
  1108 | D:2      | Learned a level 3 spell: Conjure Flame
  1992 | D:3      | Reached XP level 4. HP: 24/24 MP: 6/12
  2045 | D:3      | Learned a level 4 spell: Flame Wave
  2096 | D:3      | Noticed Terence
  2110 | D:3      | Killed Terence
  2404 | D:3      | Succumbed to an orc wizard's poison

Illustrated notes

Levels and vault maps discovered:
D:1:      roderic_crossed_star, layout_loops_ring,
          nicolae_ecumenical_snake_handling, minmay_misc_feat_five
D:2:      layout_basic
D:3:      minmay_chambers_of_threes, layout_basic, minivault_26, uniq_terence

Skill      XL: |  1  2  3 |
---------------+----------+-----
Fire Magic     | 4 |  4.6
Spellcasting   | 4 |  4.5
Conjurations   | 2 |  2.3
Dodging        | |  2.5
Stealth        | |  2.4

Action                   |  1- 3 |  4- 6 || total
-------------------------+-------+-------++-------
 Cast: Foxfire           |    68 |    17 ||    85
       Scorch            |     4 |     5 ||     9
Dodge: Dodged            |     8 |    11 ||    19

Table legend: (Time is in decaauts)
 A = Elapsed time spent in this place.
 B = Non-inter-level travel time spent in this place.
 C = Inter-level travel time spent in this place.
 D = Time resting spent in this place.
 E = Time spent auto-exploring this place.
 F = Levels seen in this place.
 G = Mean time per level.
                   A        B        C        D        E       F      G
               +--------+--------+--------+--------+--------+-----+--------+
         Total |   2402 |   2331 |     71 |      0 |   2028 |   3 |  800.7 |
       Dungeon |   2402 |   2331 |     71 |      0 |   2028 |   3 |  800.7 |
               +--------+--------+--------+--------+--------+-----+--------+

Top non-repeatable levels by time:
     D:3: 990 daAuts
     D:1: 930 daAuts
     D:2: 480 daAuts
